 Dungeon Crawl Stone Soup version 0.27.1-2-g3b301248ec (webtiles) character file.

Game seed: 8100207289075869839

1652 worthlessgem the Skirmisher (level 9, -22/70 HPs)
             Began as a Djinni Warper on Sept 24, 2021.
             Was a Priest of Elyvilon.
             Killed from afar by a gargoyle (26 damage)
             ... with a stone arrow
             ... on level 7 of the Dungeon.
             The game lasted 00:50:48 (9622 turns).

worthlessgem the Skirmisher (Djinni Warper)         Turns: 9622, Time: 00:50:49

Health: -22/70     AC:  7    Str: 10    XL:     9   Next: 19%
Gold:   282        EV: 11    Int: 18    God:    Elyvilon [***...] SH:  0 Dex: 13

rFire    + + .     SeeInvis .   b - +2 hand axe (venom)
rCold    x . .     Faith    .   (no shield)
rNeg     . . .     Spirit   .   H - +0 acid dragon scales
rPois    ∞         Reflect  .   (no helmet)
rElec    .         Harm     .   (no cloak)
rCorr    +         Rampage  .   E - +0 pair of gloves
Will     .....                  (boots unavailable)
Stlth    ++........             (no amulet)
HPRegen  0.21/turn              v - ring of wizardry
MPRegen  0.00/turn              (no ring)

@: divinely protected, flying
A: sickness immunity, fire resistance 2, cold vulnerability 1, float, innate
caster, hp casting, extra vitality 1
a: Renounce Religion, Lesser Healing, Heal Other, Purification, Divine
Protection


You were on level 7 of the Dungeon.
You worshipped Elyvilon.
Elyvilon was most pleased with you.
You visited 2 branches of the dungeon, and saw 9 of its levels.

You collected 282 gold pieces.

Inventory:

Hand Weapons
 a - a +0 falchion
 b - a +2 hand axe of venom (weapon)
 G - a +1 long sword of flaming
Missiles
 d - 5 boomerangs of dispersal
 h - 91 stones
 i - 42 sling bullets
 l - a throwing net
 p - 40 bolts
 w - 20 poisoned darts (quivered)
Armour
 g - a +1 leather armour of willpower
 E - a +0 pair of gloves (worn)
 H - +0 acid dragon scales (worn)
Jewellery
 v - a ring of wizardry (left hand)
Wands
 u - a wand of charming (11)
 x - a wand of paralysis (9)
 y - a wand of mindburst (9)
Scrolls
 c - 2 scrolls of blinking
 f - 9 scrolls of identify {unknown}
 k - 3 scrolls of teleportation {unknown}
 m - 2 scrolls of noise {unknown}
 o - a scroll of enchant weapon {unknown}
 s - a scroll of magic mapping {unknown}
 z - a scroll of fog {unknown}
 A - a scroll of silence {unknown}
 C - a scroll of enchant armour {unknown}
 D - a scroll of immolation {unknown}
Potions
 e - 3 potions of heal wounds {unknown}
 j - 2 potions of resistance {unknown}
 n - 2 potions of flight {unknown}
 q - a potion of ambrosia {unknown}
 r - 2 potions of berserk rage {unknown}
 t - 2 potions of haste {unknown}
 B - a potion of invisibility {unknown}
 F - a potion of attraction {unknown}


   Skills:
 + Level 7.9 Fighting
 * Level 5.3 Long Blades
 - Level 0.7 Throwing
 - Level 1.0 Armour
 - Level 2.1 Dodging
 - Level 2.2 Stealth
 - Level 4.4 Spellcasting


You couldn't memorise any spells.
You knew the following spells:

 Your Spells              Type           Power      Damage    Failure   Level
a - Blink                 Tloc           N/A        N/A       2%          2
b - Lesser Beckoning      Tloc           10%        N/A       4%          3
c - Gell's Gravitas       Tloc           10%        N/A       4%          3
d - Teleport Other        Tloc           20%        N/A       4%          3
e - Manifold Assault      Tloc           20%        N/A       36%         5
f - Sandblast             Erth           40%        2d10      1%          1
g - Searing Ray           Conj           40%        3d4       2%          2
h - Poisonous Vapours     Pois/Air       40%        N/A       2%          2
i - Fulminant Prism       Conj/Hex       10%        3d9       14%         4
Your spell library was empty.

Dungeon Overview and Level Annotations

Branches:
Dungeon (8/15)             Temple (1/1) D:4
   Lair: D:8-11

Altars:
Ashenzari
Cheibriados
Dithmenos
Elyvilon
Fedhas
Gozag
Hepliaklqana
Kikubaaqudgha
Makhleb
Nemelex Xobeh
Okawaru
Qazlal
Ru
Sif Muna
Uskayaw
Vehumet
Wu Jian
Xom
Yredelemnul
Zin
The Shining One

Shops:
D:1 [   D:3 =

Annotations:
D:7 1 runed translucent door, Crazy Yiuf


Innate Abilities, Weirdness & Mutations

You are immune to sickness and miasma.
You are immune to poison.
Your flesh is very heat resistant. (rF++)
You are vulnerable to cold. (rC-)
You float through the air rather than walking.
You learn spells naturally, not from books.
Your magical power is your life essence.
You have superior vitality. (+4 HP)


Message History

There is a stone staircase leading down here.
Casting: Searing Ray (safe; 2% risk of failure)
Confirm with . or Enter, or press ? or * to list all spells.
Aiming: Teleport Other (dangerous; 4% risk of failure)
Press: ? - help, Shift-Dir - straight line, f - gargoyle
Aim: a gargoyle, wielding a +0 flail (wandering, hasn't noticed you, chance to affect: 41%)
Okay, then.
There is a stone staircase leading down here.
The gargoyle hurls a stone arrow at you.
The stone arrow misses you.
Things that are here:
a +0 scale mail; a +0 hand axe
Things that are here:
a +0 leather armour; a +0 club
Things that are here:
a +0 robe; a +0 dagger
Casting: Teleport Other (dangerous; 4% risk of failure)
Confirm with . or Enter, or press ? or * to list all spells.
Aiming: Fulminant Prism (dangerous; 14% risk of failure)
Press: ? - help, Dir - move target You miscast Fulminant Prism.
You are very lightly contaminated with residual magic.
Strange energies run through your body.
You feel yourself slow down.
The gargoyle hurls a stone arrow at you.
The stone arrow hits you!!
The gargoyle hurls a stone arrow at you.
The stone arrow hits you!!
The gargoyle hurls a stone arrow at you.
The stone arrow hits you!!
* * * LOW HITPOINT WARNING * * *
You see here a +0 flail.
You feel yourself speed up.
Your magical contamination has completely faded away.
You beseech Elyvilon to protect your life.
The gargoyle hurls a stone arrow at you.
The stone arrow hits you! Elyvilon protects you from harm!
The gargoyle hurls a stone arrow at you.
The stone arrow hits you!!
You die...

##.# ##)........# #.#
#.# ######..........#
#.# #.#
###...........# #)#
#.#
###...####..########.#
#.# [).)### ##.# #...#
#.# ##### #.# #9###
#.# #.# ###.# #[#
#.####...# #.#
#..)..@### #.#
##.#..## #[# #..#.#
#.# ##### ##..^# #.#
....## ##..# #.#
###..##### #..# #.#
##.....#####..## #.#
#####..[......## #.#
#.....#..#...# #.#


You could see a gargoyle.

Vanquished Creatures
  Maggie (D:7)
  2 orc warriors
  A necrophage (D:6)
  A sky beast (D:6)
  An ogre (D:5)
  A centaur (D:8)
  A bullfrog (D:6)
  A kobold brigand (D:6)
  A gnoll sergeant (D:8)
  A water moccasin skeleton (D:4)
  A centaur zombie (D:7)
  A bullfrog zombie (D:7)
  2 jellies
  A centaur skeleton (D:7)
  3 hounds
  An orc priest (D:7)
  A bullfrog skeleton (D:5)
  An iguana (D:6)
  An orc wizard (D:7)
  A howler monkey zombie (D:5)
  A howler monkey skeleton (D:7)
  5 gnolls
  9 adders
  3 shadow imps
  2 white imps (D:7)
  An adder skeleton (D:4)
  A worm (D:4)
  2 dart slugs (D:4)
  17 orcs
  5 bats
  4 endoplasms
  5 giant cockroaches
  5 goblins
  3 hobgoblins
  2 jackals (D:3)
  8 kobolds
  3 quokkas (D:1)
  6 ball pythons
  5 frilled lizards
  6 rats
117 creatures vanquished.

Vanquished Creatures (others)
  3 plants (D:1)
3 creatures vanquished.

Grand Total: 120 creatures vanquished

Notes
Turn   | Place    | Note
-------+----------+-------------------------------------------
     0 | D:1      | worthlessgem the Djinni Warper began the quest for the Orb.
     0 | D:1      | Reached XP level 1. HP: 18/18 MP: 0/0
   316 | D:1      | Reached XP level 2. HP: 24/24 MP: 0/0
   350 | D:1      | Found a faded altar of an unknown god.
   350 | D:1      | Found Woz Duom's Antique Armour Emporium.
   940 | D:1      | Reached XP level 3. HP: 21/29 MP: 0/0
   940 | D:1      | Learned a level 1 spell: Sandblast
  1402 | D:2      | Reached skill level 3 in Fighting
  1777 | D:2      | Found a shadowy altar of Dithmenos.
  1815 | D:2      | Reached XP level 4. HP: 23/35 MP: 0/0
  3005 | D:3      | Reached XP level 5. HP: 40/40 MP: 0/0
  3005 | D:3      | Learned a level 2 spell: Searing Ray
  3087 | D:3      | Found Kehoakka's Jewellery Emporium.
  3609 | D:4      | Reached XP level 6. HP: 38/46 MP: 0/0
  3904 | D:4      | Found a staircase to the Ecumenical Temple.
  3913 | Temple   | Entered the Ecumenical Temple
  3972 | Temple   | Became a worshipper of Elyvilon the Healer
  4108 | D:4      | Reached skill level 1 in Stealth
  4627 | D:5      | Entered Level 5 of the Dungeon
  4685 | D:5      | Reached * piety under Elyvilon
  4773 | D:5      | Noticed an ice beast
  4950 | D:5      | Noticed an ogre
  5033 | D:5      | Noticed a water moccasin
  5339 | D:6      | Noticed a sky beast
  5420 | D:6      | Reached skill level 4 in Fighting
  5420 | D:6      | Reached XP level 7. HP: 45/52 MP: 0/0
  5420 | D:6      | Learned a level 2 spell: Poisonous Vapours
  5453 | D:6      | Reached ** piety under Elyvilon
  6400 | D:6      | Reached skill level 5 in Fighting
  7003 | D:7      | Reached *** piety under Elyvilon
  7062 | D:7      | Reached XP level 8. HP: 47/60 MP: 0/0
  7073 | D:7      | Noticed Maggie
  7209 | D:7      | Noticed a wyvern
  7715 | D:6      | Reached skill level 6 in Fighting
  8139 | D:7      | Found a runed translucent door.
  8140 | D:7      | Noticed Crazy Yiuf
  8366 | D:7      | Reached skill level 7 in Fighting
  8414 | D:7      | Noticed a gargoyle
  8845 | D:8      | Noticed a yak
  8845 | D:8      | Noticed a yak
  8845 | D:8      | Noticed a yak
  8845 | D:8      | Noticed a yak
  9022 | D:8      | Reached XP level 9. HP: 36/68 MP: 0/0
  9022 | D:8      | Learned a level 4 spell: Fulminant Prism
  9251 | D:7      | Killed Maggie
  9252 | D:7      | Reached skill level 5 in Long Blades
  9615 | D:7      | HP: 2/70 [gargoyle/stone arrow (21)]
  9618 | D:7      | Elyvilon protects you from harm!
  9622 | D:7      | Killed from afar by a gargoyle

Illustrated notes

Levels and vault maps discovered:
D:1:      sevenhm_arrival_forest_fort_small_3, layout_basic, serial_shops,
          nicolae_shop_overgrown_old_shop, basic_ecumenical_altar,
          glass_columns_a
D:2:      layout_basic, basic_altar
D:3:      layout_rooms, serial_shops, shop_statue
D:4:      layout_loops_ring, minmay_temple_entry_glassed_door,
          grunt_decor_fettered
D:5:      layout_loops_ring, corexii_item_surrounded_by_moat, solitary_fountain,
          item_on_display_a
D:6:      layout_basic
D:7:      layout_rooms, uniq_maggie, uniq_crazy_yiuf_cottage
D:8:      layout_layer_cave, mainiacjoe_overflow_alcove_1
Temple:   compressed_dpeg_circular_temple

Skill      XL: |  1  2  3  4  5  6  7  8  9 |
---------------+----------------------------+-----
Fighting       | 3 4 5 7 |  7.9
Spellcasting   | 3 4 |  4.4
Stealth        | 2 |  2.2
Long Blades    | 2 3 4 5 |  5.3
Throwing       | |  0.7
Armour         | |  1.0
Dodging        | |  2.1

Action                   |  1- 3 |  4- 6 |  7- 9 || total
-------------------------+-------+-------+-------++-------
Melee: Falchion          |   113 |    38 |       ||   151
       Hand axe          |       |    56 |    63 ||   119
 Cast: Sandblast         |       |     5 |     2 ||     7
       Searing Ray       |       |    16 |    22 ||    38
       Teleport Other    |       |     4 |     6 ||    10
       Poisonous Vapours |       |       |    44 ||    44
       Blink             |       |       |     5 ||     5
Invok: Divine Protection |       |       |     1 ||     1
Evoke: Wand              |       |       |     1 ||     1
 Stab: Sleeping          |       |     1 |       ||     1
Armor: Leather armour    |    45 |    21 |    46 ||   112
Dodge: Dodged            |    68 |    67 |    82 ||   217
       Rpst.: Falchion   |    19 |     7 |       ||    26
